[Event "*** SCC Grand Prix: Titled Tuesday Blitz"]
[Site "Chess.com"]
[Date "2020.07.21"]
[Round "9"]
[White "bocah_sakit"]
[Black "blitzking1729"]
[Result "1/2-1/2"]
[WhiteElo "2716"]
[BlackElo "2586"]
[TimeControl "180+1"]
[EndTime "11:49:57 PDT"]
[Termination "Game drawn by repetition"]

1. e4 c6 2. d4 d5 3. Nd2 dxe4 4. Nxe4 Bf5 5. Ng3 Bg6 6. Nf3 Nd7 7. h4 h6 8. h5 Bh7 9. Bd3 Bxd3 10. Qxd3 e6 11. Bd2 Ngf6 12. O-O-O Be7 13. Ne4 Nxe4 14. Qxe4 Nf6 15.
Qe2 Qd5 16. c4 Qe4 17. Be3 O-O 18. Ne5 c5 19. f3 Qh7 20. g4 cxd4 21. Bxd4 Rfd8 22.
Bc3 Ne8 23. f4 Nd6 24. Rhe1 Rac8 25. b3 b5 26. Kb2 bxc4 27. bxc4 Bf6 28. Ka1 Bxe5 29.
Bxe5 Nb7 30. Rxd8+ Rxd8 31. f5 exf5 32. Bc7 Rf8 33. Qf3 fxg4 34. Qxb7 Qd3 35. Qb3 Qd4+ 36. Kb1 Rc8 37. Be5 Qxc4 38. Qxc4 Rxc4 39. Kb2 f6 40.
Bc3 Rc5 41. Rh1 g3 42. Rg1 Rg5 43. Bd4 f5 44. Bxa7 f4 45. Rf1 g2 46. Rxf4 g1=Q 47. Bxg1 Rxg1 48. Rf5 g6 49. hxg6 Rxg6 50. Kb3 Kg7 51. a4 Rg1 52. a5 Ra1 53. Kb2 Ra4 54.
Kb3 Ra1 55. Kb4 Kg6 56. Rd5 h5 57. Kb5 h4 58. a6 h3 59. Rd2 Kg5 60. Kb6 Kg4 61.
a7 Rxa7 62. Kxa7 Kg3 63. Kb6 h2 64. Rd1 Kg2 65. Rd2+ Kg3 66. Rd3+ Kg2 67. Rd2+ Kg3 1/2-1/2

[Event "*** SCC Grand Prix: Titled Tuesday Blitz"]
[Site "Chess.com"]
[Date "2020.07.21"]
[Round "9"]
[White "AGW2016"]
[Black "ketster"]
[Result "1-0"]
[WhiteElo "2268"]
[BlackElo "2353"]
[TimeControl "180+1"]
[EndTime "11:50:02 PDT"]
[Termination "AGW2016 won on time"]

1. d4 Nf6 2. c4 e6 3. g3 Bb4+ 4. Bd2 Be7 5. Bg2 d5 6. Nf3 O-O 7. O-O Nbd7 8. Qc2 c6 9. Rd1 Ne4 10. Bf4 f5 11. Nfd2 g5 12. Nxe4 gxf4 13. Ned2 fxg3 14.
hxg3 Bd6 15. e3 Qg5 16. Nf3 Qg7 17. Nc3 Nf6 18. Ne5 h5 19. Ne2 Ne4 20. Bxe4 fxe4 21. Nf4 Bxe5 22. dxe5 Qxe5 23. Ng6 Qf6 24. Nxf8 Kxf8 25.
Qc3 Kf7 26. Qxf6+ Kxf6 27. Kg2 Bd7 28. f3 exf3+ 29. Kxf3 Rg8 30. Rh1 Be8 31. Raf1 Ke5 32. cxd5 exd5 33. Rh4 Bg6 34. Ke2 c5 35. Rff4 Be8 36.
g4 hxg4 37. Kf2 g3+ 38. Kg2 Bc6 39. Rh5+ Kd6 40. Rh3 d4+ 41. e4 Ke5 42. Rxg3 Rxg3+ 43. Kxg3 Bxe4 44. Rf7 c4 45. Kf2 Bd5 46. Rc7 a6 47. Ke2 Kd6 48. Rh7 Kc5 49. Kd2 b5 50. Rh5 a5 51.
Rh4 b4 52. Rh8 c3+ 53. bxc3 bxc3+ 54. Kc2 Bxa2 55. Rc8+ Kd6 56. Rd8+ Ke5 57. Ra8 Bc4 58. Rxa5+ Ke4 59. Ra8 Be6 60. Re8 Kd5 61. Rd8+ Kc5 62.
Re8 Bf5+ 63. Kc1 d3 64. Re5+ Kd4 65. Rxf5 Kc4 66. Rf4+ Kb3 67. Rf8 d2+ 68. Kd1 Kb2 69.
Rb8+ Ka1 70. Kc2 1-0

[Event "*** SCC Grand Prix: Titled Tuesday Blitz"]
[Site "Chess.com"]
[Date "2020.07.21"]
[Round "9"]
[White "Shield12"]
[Black "Fandorine"]
[Result "0-1"]
[WhiteElo "2848"]
[BlackElo "2941"]
[TimeControl "180+1"]
[EndTime "11:50:03 PDT"]
[Termination "Fandorine won by resignation"]

1. e4 e5 2. Nf3 Nc6 3. Bc4 Nf6 4. d3 h6 5. a4 a5 6. c3 Bc5 7. Nbd2 d6 8. Nf1 Be6 9. Bb5 Ba7 10. Ng3 O-O 11. O-O Ne7 12. d4 Ng6 13. h3 c6 14.
Bd3 Re8 15. Re1 Nh7 16. Be3 Ng5 17. Bc2 Qf6 18. Nf5 Bxf5 19. exf5 Nxf3+ 20. Qxf3 exd4 21. cxd4 Ne7 22. Rad1 Nd5 23. Bb3 Nxe3 24. fxe3 d5 25. Kh1 Re4 26. Bc2 Re7 27. e4 dxe4 28. Rxe4 Rxe4 29.
Qxe4 Rd8 30. Qe5 Bxd4 31. Qxf6 gxf6 32. g3 Re8 33. Rxd4 Re1+ 34. Kg2 Re2+ 35. Kf3 Rxc2 36. b4 Kg7 37. bxa5 Rc5 38. g4 Rxa5 39. Rb4 b5 40.
axb5 cxb5 41. Kg3 h5 42. Kh4 hxg4 43. hxg4 Kh6 44. Rb1 Kg7 45. Kh5 Ra2 46. Kh4 Ra5 47. Kh5 Ra8 48. Kh4 Rb8 49. Rb4 Kf8 50. g5 fxg5+ 51. Kxg5 Ke7 52. Re4+ Kd6 53. Kf6 Rb7 54. Rd4+ Kc5 55. Rd1 b4 56. Rc1+ Kd4 57. Rd1+ Kc3 58.
Rc1+ Kb2 59. Rc5 b3 60. Kg7 Ka3 61. Ra5+ Kb4 62. Ra1 b2 63. Rb1 Kc3 64. f6 Kc2 65.
Re1 b1=Q 66. Re7 Qb3 67. Rxb7 Qxb7 0-1

[Event "*** SCC Grand Prix: Titled Tuesday Blitz"]
[Site "Chess.com"]
[Date "2020.07.21"]
[Round "9"]
[White "olksuna"]
[Black "Anton_Demchenko"]
[Result "0-1"]
[WhiteElo "2627"]
[BlackElo "2828"]
[TimeControl "180+1"]
[EndTime "11:50:03 PDT"]
[Termination "Anton_Demchenko won by resignation"]

1. Nf3 Nf6 2. g3 g6 3. b4 Bg7 4.
Bb2 O-O 5. Bg2 d6 6. O-O e5 7. d3 a6 8. c4 Nc6 9. b5 axb5 10. cxb5 Na5 11. a4 Re8 12. Nbd2 Ra7 13. Rc1 b6 14. e4 Bh6 15. Rc2 Be6 16. d4 exd4 17.
Nxd4 Bd7 18. Re1 Bg7 19. h3 Nb7 20. Nc6 Bxc6 21. Rxc6 Nc5 22. Qc2 Nfd7 23. Bxg7 Kxg7 24. Nc4 Rxa4 25. Qc3+ Kg8 26. e5 Rxc4 27. Qxc4 Nxe5 28. Qe2 Rf8 29. Kh2 Nxc6 30. Bxc6 Qf6 31. Kg2 Ne6 32. Qe3 Rd8 33. Rd1 Kg7 34. h4 h5 35.
Bd5 Re8 36. Rc1 Re7 37. Qc3 Qxc3 38. Rxc3 Nc5 39. Bc6 f5 40. Ra3 Kf6 41. Kf3 g5 42. hxg5+ Kxg5 43. Ra8 Nd3 44. Rg8+ Kf6 45. Kg2 Ne5 46. Bb7 Rg7 47. Rf8+ Rf7 48. Rh8 Kg6 49. Bd5 Re7 50. Rg8+ Kh6 51. Rh8+ Rh7 52. Rf8 Kg6 53. Rg8+ Kf6 54. Rf8+ Ke7 55. Rc8 Kd7 56. Rf8 h4 57. gxh4 Rxh4 58. Rxf5 Rd4 59. Bb7 Rb4 60. f4 Nd3 61. Bc6+ Ke7 62. Rg5 Nxf4+ 63. Kf1 Ne6 64. Rh5 Rb1+ 65. Kf2 Nd4 66. Rh7+ Ke6 67. Rxc7 Nxb5 68.
Ke3 Nxc7 0-1

[Event "*** SCC Grand Prix: Titled Tuesday Blitz"]
[Site "Chess.com"]
[Date "2020.07.21"]
[Round "9"]
[White "Grandelicious"]
[Black "Gorin_Leonid"]
[Result "1-0"]
[WhiteElo "2783"]
[BlackElo "2585"]
[TimeControl "180+1"]
[EndTime "11:50:03 PDT"]
[Termination "Grandelicious won by resignation"]

1. Nf3 Nf6 2. g3 d5 3. Bg2 Bg4 4. h3 Bh5 5. O-O Nbd7 6. d4 e6 7. c4 c6 8. cxd5 exd5 9. Ne5 Bg6 10. Nc3 Bd6 11. f4 Be4 12. Nxe4 Nxe4 13. Bxe4 dxe4 14. Qb3 Bxe5 15. fxe5 O-O 16. Qxb7 Nb6 17. e3 Qd5 18. b3 Rfb8 19. Qe7 Re8 20. Qd6 Qxd6 21.
exd6 Nd5 22. Kf2 a5 23. Ba3 Nb4 24. Bxb4 axb4 25. Rfc1 Ra6 26. Rc4 Rb6 27. Rac1 f5 28. Rxc6 Rxc6 29. Rxc6 Kf7 30. g4 fxg4 31. hxg4 Ke6 32.
Rb6 Rf8+ 33. Ke2 Ra8 34. d5+ Kd7 35. Rxb4 Rxa2+ 36. Kf1 Kxd6 37. Rxe4 Kxd5 38. Re7 Rb2 39. Rxg7 Ke4 40. Rxh7 Kf3 41. Rf7+ Kxg4 42. Rf4+ Kg3 43. b4 Rc2 44. Ke1 Rb2 45. Kd1 Kg2 46. Kc1 Rb3 47. Kd2 Kg3 48. Rd4 Kf3 49. Rf4+ Kg3 50. Rc4 Kf3 51.
Kc2 Ra3 52. Rc3 Ra8 53. Kb3 Ke4 54. b5 Kd5 55. Kb4 Rb8 56. Rd3+ Ke4 57. Rd7 Ke5 58. Kc5 Ke6 59. Rc7 Ra8 60. b6 Ra1 61. Kc6 Rc1+ 62. Kb7 Rb1 63. Rc3 Kd7 64. Rd3+ Ke7 65. Kc7 Rc1+ 66. Kb8 Rb1 67. b7 Ke8 68. Rd4 Ke7 69. Kc7 Rc1+ 70. Kb6 Rb1+ 71. Kc6 Rc1+ 72. Kb5 Rc7 73.
b8=Q 1-0

[Event "*** SCC Grand Prix: Titled Tuesday Blitz"]
[Site "Chess.com"]
[Date "2020.07.21"]
[Round "9"]
[White "MagnusSeinFanboy"]
[Black "alexrustemov"]
[Result "0-1"]
[WhiteElo "2527"]
[BlackElo "2692"]
[TimeControl "180+1"]
[EndTime "11:50:04 PDT"]
[Termination "alexrustemov won by checkmate"]

1. d4 d5 2. c4 c6 3. Nf3 Nf6 4. e3 Bg4 5. Nc3 e6 6. h3 Bxf3 7.
Qxf3 Nbd7 8. Bd3 Bd6 9. O-O O-O 10. e4 dxe4 11. Nxe4 Nxe4 12. Qxe4 g6 13. Rd1 Re8 14.
Bc2 Bf8 15. Be3 Bg7 16. Rd2 Nb6 17. b3 Qe7 18. Re1 Rad8 19. h4 Nc8 20. h5 Nd6 21. Qg4 Nf5 22. Bg5 Bf6 23. Bxf6 Qxf6 24. hxg6 hxg6 25.
Bxf5 Qxf5 26. Qxf5 gxf5 27. Red1 Rd6 28. f4 Red8 29. Kf2 Kg7 30. Ke3 Kf6 31. Rh1 Rg8 32. Rh6+ Ke7 33. Rh3 Rdd8 34. Kf3 Rg6 35. Rh7 Rdg8 36.
Rh2 Rg3+ 37. Kf2 R3g4 38. Kf3 Rg3+ 39. Kf2 Rc3 40. d5 cxd5 41. cxd5 Rd8 42. Ke2 Rxd5 43. Rxd5 exd5 44. Kd2 Rg3 45. Ke2 Ke6 46. Kf2 Rc3 47. Rh8 Rc2+ 48. Kf3 Rxa2 49. Re8+ Kd6 50. Rd8+ Kc5 51.
Rd7 b5 52. Rxf7 Kb4 53. Rxf5 Kxb3 54. Rxd5 Kc4 55. Rd7 a5 56. f5 Ra1 57. g4 a4 58. g5 a3 59. f6 Rf1+ 60. Kg4 b4 61. f7 b3 62. g6 b2 63. Rb7 a2 64. g7 b1=Q 65. g8=Q Qe4+ 66. Kh5 Rh1+ 67. Kg5 Rg1+ 68.
Kh6 Qf4+ 69. Kh7 Qh4# 0-1

[Event "*** SCC Grand Prix: Titled Tuesday Blitz"]
[Site "Chess.com"]
[Date "2020.07.21"]
[Round "9"]
[White "26andrej26"]
[Black "XDPS"]
[Result "1-0"]
[WhiteElo "2538"]
[BlackElo "2695"]
[TimeControl "180+1"]
[EndTime "11:50:04 PDT"]
[Termination "26andrej26 won on time"]

1. e4 d5 2. exd5 Qxd5 3. Nc3 Qa5 4. d4 Nf6 5. Bc4 c6 6. Nf3 Bg4 7. h3 Bh5 8. g4 Bg6 9. Ne5 Nbd7 10. Nxg6 hxg6 11.
Qe2 e6 12. Bd2 Qc7 13. O-O-O O-O-O 14. Kb1 Bd6 15. g5 Nd5 16. Ne4 Bf4 17. Be1 Kb8 18.
h4 Ne7 19. c3 Nf5 20. Qg4 Nb6 21. Bd3 Nd5 22. Nc5 Bd6 23. Ne4 Be7 24. a3 Ka8 25.
Bc2 Qb6 26. Ka2 Qc7 27. c4 Nf4 28. Bc3 Nh5 29. Qe2 Rd7 30. Nc5 Rdd8 31. Ne4 Qb6 32. Qe1 Rd7 33. Ba5 Qa6 34. Qc3 b6 35. Bb4 Bxb4 36.
Qxb4 Nxd4 37. Qc3 c5 38. Bb1 Rhd8 39. Ng3 Qc8 40. Be4+ Kb8 41. Rd3 Nf4 42. Re3 Qc7 43. Rhe1 a6 44. Bb1 Ka7 45. Ne4 Ng2 46. Rg3 Nxe1 47. Qxe1 Nf5 48. Nc3 Nxg3 49. fxg3 Rd3 50. Bxd3 Rxd3 51. Qe2 Qd7 52. Qc2 Rd4 53. Qb3 Qc6 54. a4 Qd6 55. Qa3 Rxc4 56. Qb3 Rb4 57. Qc2 Qd4 58. Qg2 Rxa4+ 59. Nxa4 Qxa4+ 60. Kb1 Qd1+ 61. Ka2 Qd5+ 62. Qxd5 exd5 63. Kb3 Kb7 64. g4 Kc6 65. h5 gxh5 66. gxh5 Kd6 67. h6 gxh6 68. gxh6 c4+ 69.
Kc2 Kc5 70. h7 d4 71. h8=Q d3+ 72. Kc3 1-0

[Event "*** SCC Grand Prix: Titled Tuesday Blitz"]
[Site "Chess.com"]
[Date "2020.07.21"]
[Round "9"]
[White "AungTZ"]
[Black "FloMaster111"]
[Result "0-1"]
[WhiteElo "2041"]
[BlackElo "2282"]
[TimeControl "180+1"]
[EndTime "11:50:05 PDT"]
[Termination "FloMaster111 won on time"]

1. e4 c6 2. d4 d5 3. Nc3 b5 4. a3 a6 5. Nf3 Bg4 6. h3 Bh5 7. Be2 e6 8. O-O Nf6 9. Bg5 Be7 10. Bxf6 Bxf6 11. e5 Be7 12. Nd2 Bg6 13. Bd3 c5 14.
dxc5 Nc6 15. Nf3 Bxc5 16. Ne2 Qb6 17. c3 O-O 18. Ned4 Be7 19. Bxg6 hxg6 20. Re1 Rac8 21. Nxc6 Rxc6 22. Qd3 Rfc8 23. Rad1 Qc5 24. Nd4 R6c7 25. Qf3 Qc4 26. g3 a5 27. h4 b4 28. cxb4 axb4 29.
a4 Bc5 30. Nb5 Rd7 31. Rc1 Qa2 32. b3 Qb2 33. Kg2 Qd2 34. Red1 Qb2 35. Rb1 Qxe5 36.
Rdc1 d4 37. Rd1 Qd5 38. Rd3 e5 39. Re1 f5 40. Qxd5+ Rxd5 41. Rc1 Kf7 42. Rc2 Ke6 43. Rc4 Kd7 44. Rd1 d3 45. Kf3 e4+ 46. Kg2 Bb6 47. Rxb4 Rc2 48. Nc3 Rxf2+ 49. Kh3 Rd6 50. Nb5 Rf6 51. Nc3 d2 52. Nb1 e3 53. a5 Bxa5 54.
Rd4+ Ke7 55. b4 Bb6 56. Rd3 Re6 57. Nc3 e2 58. Nxe2 Rexe2 59. Rh1 Kf7 0-1

[Event "*** SCC Grand Prix: Titled Tuesday Blitz"]
[Site "Chess.com"]
[Date "2020.07.21"]
[Round "9"]
[White "kallerotmg"]
[Black "Haapana"]
[Result "0-1"]
[WhiteElo "2153"]
[BlackElo "2329"]
[TimeControl "180+1"]
[EndTime "11:50:07 PDT"]
[Termination "Haapana won by checkmate"]

1. d4 Nf6 2. Bg5 c5 3. e3 cxd4 4. exd4 g6 5. Nc3 Bg7 6. Qd2 d5 7. Nf3 Nc6 8. Bb5 O-O 9. O-O Ne4 10. Qf4 Nxg5 11. Qxg5 Nxd4 12. Nxd4 Bxd4 13. Qxd5 Bxc3 14.
Qxd8 Rxd8 15. bxc3 Bf5 16. Ba4 Rac8 17. Rfe1 Kf8 18.
Re3 Rd2 19. Rae1 Rc7 20. Rc1 h5 21. h3 a6 22. Bb3 b5 23. a4 bxa4 24. Bxa4 Be6 25.
Bb3 Bf5 26. Ra1 Ra7 27. Ra2 Rd6 28. c4 Rc6 29. f3 Be6 30. Ra4 Rc5 31. Rd3 a5 32.
Rd8+ Kg7 33. Rb8 h4 34. Rb5 Rxb5 35. cxb5 Bxb3 36. cxb3 Kf6 37. Rxh4 Rb7 38. Rf4+ Kg7 39. b4 Rxb5 40. bxa5 Rxa5 41. Kh2 e6 42. Kg3 Rd5 43.
Rg4 Kf8 44. Rc4 Ke7 45. h4 Kf6 46. Ra4 Rh5 47. Rf4+ Kg7 48. Kg4 Rd5 49. Re4 Rc5 50. g3 Rf5 51. Ra4 Rd5 52. Ra7 Rc5 53. f4 Rd5 54.
Kh3 Rb5 55. Rc7 Rb3 56. Kg4 Rd3 57. h5 gxh5+ 58. Kh4 Rd5 59. Re7 Kg6 60. Ra7 Rd1 61.
Kh3 Rh1+ 62. Kg2 Rd1 63. Ra5 Rd3 64. Kh3 f6 65. Kh4 Rd1 66. Kh3 Re1 67. Kg2 Re2+ 68. Kf3 Rd2 69. Ra6 Rd3+ 70. Kg2 Rd2+ 71. Kh3 Kf5 72. Ra5+ e5 73. Kh4 Rh2# 0-1

[Event "*** SCC Grand Prix: Titled Tuesday Blitz"]
[Site "Chess.com"]
[Date "2020.07.21"]
[Round "9"]
[White "MashaFromRussia"]
[Black "Morshynska"]
[Result "1-0"]
[WhiteElo "2377"]
[BlackElo "2172"]
[TimeControl "180+1"]
[EndTime "11:50:07 PDT"]
[Termination "MashaFromRussia won by resignation"]

1. d4 d5 2. c4 c6 3. Nf3 Nf6 4. Nc3 e6 5. g3 Nbd7 6. Bg2 Bd6 7.
O-O O-O 8. b3 Qe7 9. Qc2 a6 10.
e4 dxe4 11. Nxe4 Nxe4 12. Qxe4 Nf6 13. Qe2 c5 14. Bb2 cxd4 15. Bxd4 Bc5 16. Bxc5 Qxc5 17. Ne5 Rb8 18. Rad1 h6 19. Qe3 Qxe3 20. fxe3 Re8 21. Rd2 Kf8 22. h4 Ke7 23. g4 Rf8 24. Rfd1 g5 25.
hxg5 hxg5 26. Kf2 a5 27. Kg3 a4 28. b4 a3 29. Bf3 Ra8 30. Rd6 Ra4 31. Rb6 Rh8 32.
Bxb7 Ra7 33. Bxc8 Rxc8 34. Nc6+ Rxc6 35. Rxc6 Ne4+ 36. Kf3 Nc3 37. Rd2 Ra4 38. b5 Rb4 39.
Rc2 Na4 40. Ra6 Rb2 41. Rc1 Nc5 42. Rxa3 Rb4 43. Ra7+ Kd6 44. a4 Ke5 45. a5 f5 46.
gxf5 exf5 47. Re7+ Kf6 48. Re8 Ne4 49. Rh1 Rb2 50.
Rxe4 fxe4+ 51. Kxe4 g4 52. a6 g3 53. Rg1 g2 54.
Kf3 Ra2 55. Rxg2 Ra4 56. Rd2 Ke5 57. Rb2 Rxc4 58. a7 Ra4 59. b6 Ra6 60. b7 Rf6+ 61. Ke2 Rh6 62. b8=Q+ Ke4 63. Qf4+ 1-0

[Event "*** SCC Grand Prix: Titled Tuesday Blitz"]
[Site "Chess.com"]
[Date "2020.07.21"]
[Round "9"]
[White "Supernotar"]
[Black "skiff134"]
[Result "0-1"]
[WhiteElo "2707"]
[BlackElo "2622"]
[TimeControl "180+1"]
[EndTime "11:50:16 PDT"]
[Termination "skiff134 won by checkmate"]

1. d4 d5 2. c4 e6 3. Nf3 c5 4.
e3 Nc6 5. dxc5 Bxc5 6. a3 a6 7. b4 Ba7 8. Bb2 Nf6 9. Nbd2 O-O 10. Be2 Qe7 11. O-O Rd8 12. Qc2 e5 13. cxd5 Nxd5 14.
Nc4 e4 15. Nfd2 Bf5 16. Rac1 Rac8 17. Qb3 Qg5 18. Rfd1 b5 19. Na5 Nxa5 20. bxa5 Nxe3 21.
fxe3 Bxe3+ 22. Kh1 Bxd2 23. Rxc8 Rxc8 24. Qd5 Rd8 25.
Qc6 Qg6 26. Rxd2 Rf8 27. Rd6 Qg5 28. Qxa6 Qe3 29. Qxb5 Bg4 30. Bf1 Qf2 31. h3 e3 32.
a6 e2 33. Bxe2 Bxe2 34. Qb6 Qf1+ 35. Qg1 Bxa6 36. Qxf1 Bxf1 37. a4 Ra8 38. a5 f6 39.
Bc3 Ba6 40. Kh2 Bb7 41. Rb6 Ba6 42. Bd4 Kf7 43. Rc6 h5 44. Rc7+ Kg6 45. h4 Bb5 46.
Bb6 Ba6 47. Rc5 Rc8 48. Rd5 Rc2 49. Rd4 Bb7 50. Kh3 Bxg2+ 51. Kg3 Bb7 52. Rd7 Ba6 53. Kf3 Ra2 54. Rd4 Be2+ 55. Ke3 Ba6 56. Kf4 Kh6 57. Rd1 g5+ 58. hxg5+ fxg5+ 59. Ke5 h4 60. Rf1 Kh5 61.
Rf6 h3 62. Kd6 Kg4 63. Rf8 h2 64. Rh8 Bb7 65. Kc7 h1=Q 66. Rxh1 Bxh1 67. Kb8 Kf5 68.
Ka7 Bc6 69. a6 Bb5 70. Kb7 Rxa6 71. Kc7 Rxb6 72. Kxb6 g4 73. Kxb5 g3 74. Kc4 g2 75.
Kd3 g1=Q 76. Kc4 Ke4 77. Kb5 Qc1 78. Ka6 Qb1 79. Ka7 Kd5 80. Ka8 Kc6 81. Ka7 Qb7# 0-1

[Event "*** SCC Grand Prix: Titled Tuesday Blitz"]
[Site "Chess.com"]
[Date "2020.07.21"]
[Round "9"]
[White "Danfii"]
[Black "AldokhinIvan"]
[Result "0-1"]
[WhiteElo "2371"]
[BlackElo "2575"]
[TimeControl "180+1"]
[EndTime "11:50:17 PDT"]
[Termination "AldokhinIvan won by resignation"]

1. e4 c5 2. Nf3 e6 3. d4 cxd4 4. Nxd4 a6 5. Bd3 Qc7 6. O-O Nf6 7. Qe2 Bd6 8. f4 Bc5 9. Be3 Qb6 10. c3 Nc6 11.
Kh1 d5 12. e5 Nd7 13. Nd2 Nxd4 14. cxd4 Bxd4 15. Bxd4 Qxd4 16. Nb3 Qb4 17. Rac1 O-O 18. f5 exf5 19. Bxf5 Nb6 20. Bb1 Bg4 21. Qd3 g6 22.
Nd4 Rac8 23. Rxc8 Rxc8 24. h3 Be6 25. Nxe6 fxe6 26. Qg3 Qe7 27. Kh2 Nd7 28. h4 Rf8 29. Rc1 Nc5 30. h5 g5 31. b4 Ne4 32. Bxe4 dxe4 33.
Qe3 Rf4 34. g3 Rf7 35. Qxe4 Qd7 36. Rc2 Qd5 37. Qxd5 exd5 38. Kg2 Rd7 39. Rd2 Kf7 40. Kf3 Ke6 41. Re2 h6 42. g4 Rf7+ 43. Kg3 Rf4 44. Re3 Re4 45. Rc3 Kxe5 46. Rc7 Rxb4 47. Rh7 Ra4 48. Rxh6 Ra3+ 49. Kf2 Kf4 50. Rf6+ Kxg4 51. h6 Rxa2+ 52. Ke3 Rh2 53. Kd4 a5 54. Kxd5 a4 55.
Rb6 a3 56. Rxb7 Rxh6 57. Ra7 Rh3 58. Ke5 Kh5 59. Rh7+ Kg4 60. Ra7 Rb3 61. Ra4+ Kg3 62. Kf5 Rb5+ 63. Kg6 Rb3 64. Kxg5 Kf3 65. Kf5 Ke3 66.
Ke5 Kd3 67. Kd5 Kc3 68. Kc5 Kb2 69. Rh4 Rc3+ 70. Kb4 a2 71. Rh1 Rc1 72. Rh2+ Rc2 73. Rh1 a1=Q 74. Rxa1 Kxa1 75. Kb3 Kb1 76. Kb4 Kb2 0-1

[Event "*** SCC Grand Prix: Titled Tuesday Blitz"]
[Site "Chess.com"]
[Date "2020.07.21"]
[Round "9"]
[White "ZverevLev"]
[Black "pavelalexandru07"]
[Result "1-0"]
[WhiteElo "2296"]
[BlackElo "2123"]
[TimeControl "180+1"]
[EndTime "11:50:19 PDT"]
[Termination "ZverevLev won by checkmate"]

1. e4 c5 2. c3 d5 3. exd5 Qxd5 4. Ne2 g6 5. Na3 Bg7 6. Nc2 Nc6 7. Ne3 Qd8 8. d4 cxd4 9. cxd4 Nxd4 10. Nxd4 Qxd4 11. Bd3 Bd7 12. O-O Nf6 13. Rb1 O-O 14. b3 Bc6 15. Bb2 Qd7 16. Qe2 Rfd8 17. Rbd1 Qc7 18. b4 a6 19. Nc4 Nd5 20. Bxg7 Kxg7 21. Qb2+ Kg8 22.
Be4 Rac8 23. Bxd5 Bxd5 24. Ne3 Bc6 25. Rc1 Qf4 26. Rc4 Qd6 27. Ng4 f6 28. Ne3 Bb5 29. Rxc8 Rxc8 30. Rd1 Qe6 31. Qd2 Bc6 32. Qd4 Kg7 33.
h3 Rc7 34. Qf4 Rd7 35. Rxd7 Qxd7 36. Ng4 Qd1+ 37. Kh2 Qd6 38. Qxd6 exd6 39. Ne3 Kf7 40. f4 Ke6 41. g4 Be4 42. Nc4 b5 43. Nd2 Bd5 44.
a3 f5 45. g5 Kd7 46. Kg3 Kc6 47. Kf2 Ba2 48. Ke3 Kd5 49. h4 Bc4 50. Nf3 Bb3 51. Nd2 Bd1 52. Kd3 Ke6 53. Kd4 d5 54. Nf1 Bf3 55. Ne3 Be4 56. Nd1 Kd7 57. Nc3 Kc6 58.
Ke5 Kd7 59. Ne2 Bf3 60. Nd4 Be4 61. Kf6 Ke8 62. Kg7 Ke7 63. Kxh7 Kf7 64. h5 gxh5 65. g6+ Kf6 66. g7 h4 67. g8=Q h3 68. Qf8# 1-0

[Event "*** SCC Grand Prix: Titled Tuesday Blitz"]
[Site "Chess.com"]
[Date "2020.07.21"]
[Round "9"]
[White "SzMM19"]
[Black "Trickov"]
[Result "1-0"]
[WhiteElo "2582"]
[BlackElo "2385"]
[TimeControl "180+1"]
[EndTime "11:50:20 PDT"]
[Termination "SzMM19 won on time"]

1. e4 c5 2. c4 Nc6 3. Nc3 g6 4. g3 Bg7 5. Bg2 e6 6. Nge2 Nge7 7. O-O O-O 8. d3 d6 9. Rb1 Rb8 10. a3 a6 11. b4 cxb4 12. axb4 b5 13. cxb5 axb5 14.
d4 d5 15. e5 Bd7 16. h4 h6 17. Bf4 Qb6 18. Qd2 Nf5 19. Rfd1 Kh7 20. Bh3 Ra8 21.
Bxf5 gxf5 22. Nc1 f6 23. exf6 Rxf6 24. Nb3 Rff8 25. Nc5 Bc8 26. Be3 Ra3 27. Ne2 Nd8 28.
Nf4 Nb7 29. Nh5 Rf6 30. Nxf6+ Bxf6 31. Bxh6 Nd6 32. Bg5 Bg7 33. h5 Nc4 34. Qf4 e5 35.
dxe5 Bxe5 36. Qh4 d4 37. Bf6 Qxf6 38. Qxf6 Bxf6 39. Nb3 Ne5 40. Nxd4 Bb7 41. Rbc1 Bd5 42. Nxf5 Nf3+ 43. Kf1 Bc4+ 44. Kg2 Ne5 45. Ne3 Be6 46. f4 Nc4 47. Nd5 Bxd5+ 48. Rxd5 Ne3+ 49. Kf3 Nxd5+ 50. Ke4 Nxb4 51. Kf5 Bc3 52. Rd1 Nc6 53. Rd7+ Bg7 54. g4 Ra8 55. g5 Rf8+ 56. Kg4 Rd8 57. Rc7 Nd4 58. h6 Ne6 59. Rb7 Rf8 60. hxg7 Nxg7 61. f5 Rxf5 62. Kh4 Rf4+ 63. Kg3 Rb4 64. Rb6 1-0

[Event "*** SCC Grand Prix: Titled Tuesday Blitz"]
[Site "Chess.com"]
[Date "2020.07.21"]
[Round "9"]
[White "Witik"]
[Black "Ramil_Faizrakhmanov"]
[Result "1-0"]
[WhiteElo "2630"]
[BlackElo "2777"]
[TimeControl "180+1"]
[EndTime "11:50:21 PDT"]
[Termination "Witik won by resignation"]

1. d4 Nf6 2. Bf4 d5 3. e3 c5 4.
c3 Nc6 5. Nd2 e6 6. Bd3 Bd6 7.
Bxd6 Qxd6 8. f4 O-O 9. Ngf3 cxd4 10. cxd4 Bd7 11. a3 Ne7 12. Ne5 Nf5 13. Qf3 Qb6 14. g4 Nh4 15. Qh3 Ng6 16. g5 Nxe5 17. fxe5 Ne4 18. Nxe4 dxe4 19. Bxe4 g6 20. O-O Qxb2 21.
Rab1 Qxa3 22. Rxb7 Rad8 23. Qf3 Bc8 24. Rxf7 Ba6 25.
Rf2 Qb4 26. Qf6 Qe1+ 27. Kg2 Qxf2+ 28. Qxf2 Rxf7 29. Qa2 Bc8 30. d5 Rdf8 31. d6 Bd7 32. Kg3 Kg7 33. Qxa7 Bc6 34. Qd4 Bxe4 35. Qxe4 Rf5 36.
h4 R8f7 37. Qd4 Rf3+ 38. Kg4 Rf1 39. e4 Rd7 40. h5 gxh5+ 41. Kxh5 Rf8 42. Qc4 Re8 43.
Qc6 Red8 44. Qb5 Rf7 45. Qc4 Re8 46. Kg4 Rd7 47. Qf1 Kg8 48. Qf6 Rf7 49. Qh6 Rg7 50.
Kf4 Rf7+ 51. Ke3 Rg7 52. Kd4 Rf7 53. g6 hxg6 54. Qxg6+ Kf8 55. Qh6+ Kg8 56. Kc5 Rg7 57. Kc6 Rc8+ 58. Kb6 Re8 59. Qf6 Rd7 60. Qg6+ Kf8 61.
Kc6 Rf7 62. d7 Rd8 63. Qh6+ Ke7 64. Qh4+ Kf8 65. Qxd8+ 1-0

[Event "*** SCC Grand Prix: Titled Tuesday Blitz"]
[Site "Chess.com"]
[Date "2020.07.21"]
[Round "9"]
[White "OparinGrigoriy"]
[Black "Beca95"]
[Result "1/2-1/2"]
[WhiteElo "2941"]
[BlackElo "2856"]
[TimeControl "180+1"]
[EndTime "11:50:22 PDT"]
[Termination "Game drawn - insufficient material"]

1. Nf3 g6 2. e4 Bg7 3. d4 d6 4.
Bd3 Nf6 5. O-O Nc6 6. c3 e5 7. h3 O-O 8. Re1 a5 9. Bg5 h6 10. Be3 Qe7 11. Nbd2 a4 12. Qc2 Bd7 13. Rad1 Na5 14. b4 axb3 15. axb3 Nc6 16. dxe5 Nxe5 17. Nxe5 dxe5 18. Ra1 b6 19. Bc4 Bc6 20. b4 Kh7 21. Red1 Rfd8 22. f3 Ne8 23. Be2 Nf6 24. Nc4 Nh5 25.
Bf1 Bf6 26. Rxa8 Rxa8 27. Qd2 Bg5 28. Bxg5 hxg5 29. Ne3 Kg7 30. Qb2 Nf4 31. c4 f6 32.
Qc3 Ne6 33. Rd2 Rd8 34. Nd5 Qf7 35. Ra2 Ra8 36. Rxa8 Bxa8 37. Ne3 Qd7 38. Kf2 Bb7 39. Nc2 c5 40. bxc5 bxc5 41. Be2 Bc6 42. Qa3 f5 43. exf5 gxf5 44. Qe3 Kf6 45. h4 Qd6 46. hxg5+ Nxg5 47. Qd3 Qxd3 48. Bxd3 f4 49. Be2 e4 50. fxe4 Nxe4+ 51. Ke1 Nd6 52. Kf2 Ke5 53. Bf3 Ne4+ 54. Ke2 Nc3+ 55.
Kf2 Ne4+ 56. Ke2 Ng3+ 57. Kf2 Be4 58. Ne1 Nf5 59. Bxe4 Kxe4 60. Nf3 Nd6 61. g3 fxg3+ 62. Kxg3 Nxc4 63. Kf2 Kd3 64. Ke1 Kc2 65. Ke2 Kc3 66. Kd1 Nd6 67. Ke2 Nb5 68. Ne5 Nd4+ 69. Ke3 Ne6 70. Ke4 Kb4 71. Kd5 Nf4+ 72. Ke4 Ne6 73.
Nd3+ Kc4 74. Nxc5 1/2-1/2

[Event "*** SCC Grand Prix: Titled Tuesday Blitz"]
[Site "Chess.com"]
[Date "2020.07.21"]
[Round "9"]
[White "lider34"]
[Black "alexsergeyev"]
[Result "0-1"]
[WhiteElo "2208"]
[BlackElo "2354"]
[TimeControl "180+1"]
[EndTime "11:50:30 PDT"]
[Termination "alexsergeyev won by checkmate"]

1. e4 e5 2. Nf3 Nf6 3. Nxe5 d6 4. Nf3 Nxe4 5. Qe2 Qe7 6. d3 Nf6 7. Bg5 Nbd7 8. Nc3 h6 9. Bh4 g5 10. Bg3 Bg7 11. O-O-O Qxe2 12. Bxe2 Nh5 13. Rhe1 Kd8 14. Nd5 f5 15. Nd4 Bxd4 16. Bxh5 f4 17. Bxf4 gxf4 18.
Nxf4 Nf6 19. f3 Nxh5 20. Nxh5 Re8 21. Re4 Be3+ 22. Kb1 Rxe4 23. dxe4 Ke7 24. Ng3 Bd7 25. Nf1 Bb6 26. g3 Bh3 27. Nd2 Rf8 28. f4 Be3 29. Nc4 Bb6 30. e5 Bg4 31. exd6+ cxd6 32. Re1+ Kd7 33. Kc1 Rf6 34. b3 Re6 35. Kd2 Rxe1 36. Kxe1 Ke6 37. Kd2 d5 38. Ne5 h5 39. Nd3 Bg1 40.
h4 Bh2 41. Nc5+ Kf5 42. Nxb7 Bxg3 43. Na5 Bxf4+ 44. Kc3 Bg3 45. Nc6 Bxh4 46. Nxa7 Bf6+ 47. Kb4 h4 48. Nc6 h3 49. a4 h2 50. a5 h1=Q 51. a6 Qe1+ 52. Kb5 Be2+ 53. Kb6 Qc3 54. a7 Bd4+ 55. Kb7 Qxc6+ 56. Kxc6 Bxa7 57. Kxd5 Bd1 58. c4 Bxb3 59. Kd6 Bxc4 60. Kc6 Ke5 61. Kd7 Bc5 62. Kc6 Kd4 63. Kd7 Bb5+ 64. Kc7 Kd5 65. Kd8 Ke6 66. Kc7 Kd5 67. Kd8 Kd6 68. Kc8 Bd4 69. Kd8 Bf6+ 70. Kc8 Kc6 71. Kb8 Bc4 72. Ka7 Kc7 73.
Ka8 Be5 74. Ka7 Bd4+ 75. Ka8 Bd5# 0-1